 Dungeon Crawl Stone Soup version 0.28.0 (webtiles) character file.

Game seed: 15042928795616759446

339 AmazingTV the Chopper (level 6, -10/53 HPs)
             Began as a Minotaur Fighter on June 20, 2022.
             Killed by nerve-wracking pain
             ... invoked by a shadow imp
             ... summoned by Natasha
              (13 damage)
             ... on level 4 of the Dungeon.
             The game lasted 00:12:02 (3804 turns).

AmazingTV the Chopper (Minotaur Fighter)            Turns: 3804, Time: 00:12:05

Health: -10/53     AC:  8    Str: 20    XL:     6   Next: 29%
Magic:  6/6        EV:  9    Int:  5    God:
Gold:   154        SH:  5    Dex: 12    Spells: 5/5 levels left

rFire   + . .      SeeInvis .   a - +0 war axe
rCold   + . .      Faith    .   c - +0 buckler
rNeg    . . .      Spirit   .   b - +0 scale mail
rPois   .          Reflect  .   (helmet restricted)
rElec   .          Harm     .   m - scarf {rC+ rF+}
rCorr   .          Rampage  .   j - +0 pair of gloves
Will    .....                   (no boots)
Stlth   ..........              (no amulet)
HPRegen 0.17/turn               (no ring)
MPRegen 0.10/turn               (no ring)

@: mighty, slowed, very slow
A: horns 2, retaliatory headbutt
a: no special abilities


You were on level 4 of the Dungeon.
You visited 1 branch of the dungeon, and saw 4 of its levels.

You collected 154 gold pieces.

Inventory:

Hand Weapons
 a - a +0 war axe (weapon)
 q - a +0 flail
Missiles
 g - 4 poisoned darts (quivered)
 n - 15 bolts
Armour
 b - a +0 scale mail (worn)
 c - a +0 buckler (worn)
 j - a +0 pair of gloves (worn)
 m - a scarf of resistance (worn)
Scrolls
 h - 4 scrolls of noise {unknown}
 i - a scroll of immolation {unknown}
 k - a scroll of blinking {unknown}
 l - a scroll of fear {unknown}
 o - a scroll of enchant armour {unknown}
 r - a scroll of teleportation {unknown}
Potions
 e - 4 potions of berserk rage {unknown}
 f - 4 potions of lignification {unknown}
 p - a potion of haste {unknown}


   Skills:
 + Level 4.7 Fighting
 * Level 6.0 Axes
 + Level 4.5 Armour
 + Level 0.2 Dodging
 + Level 0.1 Stealth
 + Level 4.3 Shields
 * Level 1.6 Invocations


You had 5 spell levels left.
You didn't know any spells.
Your spell library contained the following spells:

 Spells                   Type           Power      Damage    Failure   Level
 Freeze                   Ice            0%         1d3       88%         1
 Frozen Ramparts          Ice            0%         1d2       99%         3
 Hailstorm                Conj/Ice       0%         3d3       100%        4


Dungeon Overview and Level Annotations

Branches:
Dungeon (4/15)
 Temple: D:4-7

Altars:

Shops:
D:3 :

Annotations:
D:3 2 runed translucent doors, BingusPrime's ghost, amateur DrTm
D:4 Natasha


Innate Abilities, Weirdness & Mutations

You have a pair of horns on your head.
You reflexively headbutt those who attack you in melee.


Message History

Natasha casts a spell.
The adder misses you. You furiously retaliate!
You headbutt the adder!
You kill the adder!
The shadow imp barely misses you.
You barely miss Natasha. You barely miss the shadow imp.
The shadow imp hits you. Natasha claws you. You block the shadow imp's attack.
Natasha barely misses you.
You barely miss Natasha. Your headbutt misses Natasha.
You slash the shadow imp!
The shadow imp hits you but does no damage.
Natasha stares at you and mumbles some strange words.
You feel as though you will be slow longer.
You block the shadow imp's attack. Natasha claws you but does no damage.
You barely miss Natasha. You hit the shadow imp.
The shadow imp gestures at you. Pain shoots through your body!
Natasha casts a spell at you. The magic dart hits you.
The shadow imp barely misses you. Natasha barely misses you.
You furiously retaliate!
You headbutt Natasha.
The shadow imp hits you but does no damage.
You hit Natasha. Your headbutt misses Natasha.
Natasha is heavily wounded.
You hit the shadow imp but do no damage.
You hit the shadow imp. The shadow imp hits you. Natasha closely misses you.
You block the shadow imp's attack. The shadow imp gestures at you.
Pain shoots through your body!
* * * LOW HITPOINT WARNING * * *
Natasha claws you.
* * * LOW HITPOINT WARNING * * *
You feel very mighty all of a sudden. You block the shadow imp's attack.
The shadow imp hits you.
* * * LOW HITPOINT WARNING * * *
Natasha claws you but does no damage. The shadow imp closely misses you.
You furiously retaliate!
You headbutt the shadow imp!
You kill the shadow imp!
The shadow imp disappears in a puff of smoke!
The shadow imp gestures at you. Pain shoots through your body!
You die...

.........≈♣≈P# #.######
............≈♣.###### #......#
..............##......# ######.#
..............##......# #....#.#
......................# #.##.#.#
..................#'### #.#..#.#
...............#......## #.#.##.#
...............#..#.#..# #.#....#
...............#@.#....###.######
...............h5§.......#......#
..................###..#.######.#
....................####.#....#.#
.................#..####.#.##.#.#
...............#.......#.#.#..#.#
....................##.#.#.#.##.#
............(>.....###.###.#....#
............(.####.# #...#.######


You could see Natasha and a shadow imp (summoned).

Vanquished Creatures
  A scorpion (D:4)
  Jessica (D:2)
  Natasha (D:4)
  An iguana (D:3)
  A howler monkey skeleton (D:4)
  3 gnolls (D:4)
  11 adders
  2 worms (D:2)
  2 dart slugs
  4 endoplasms
  3 giant cockroaches
  7 goblins
  7 hobgoblins
  3 jackals (D:3)
  A ball python (D:2)
  8 bats
  3 frilled lizards
  3 kobolds
  2 rats
64 creatures vanquished.

Vanquished Creatures (others)
  A plant (D:4)
1 creature vanquished.

Grand Total: 65 creatures vanquished

Notes
Turn   | Place    | Note
-------+----------+-------------------------------------------
     0 | D:1      | AmazingTV the Minotaur Fighter began the quest for the Orb.
     0 | D:1      | Reached XP level 1. HP: 19/19 MP: 0/0
   167 | D:1      | Reached XP level 2. HP: 27/27 MP: 1/1
   309 | D:2      | Noticed Jessica
   315 | D:2      | Killed Jessica
   316 | D:2      | Reached skill level 3 in Axes
   316 | D:2      | Reached skill level 1 in Invocations
   316 | D:2      | Reached XP level 3. HP: 18/33 MP: 2/2
   719 | D:2      | Reached XP level 4. HP: 32/41 MP: 3/3
  1113 | D:2      | Reached skill level 4 in Axes
  1221 | D:3      | Found a faded altar of an unknown god.
  1260 | D:3      | Found Moaf's Book Emporium.
  1312 | D:3      | Found a runed translucent door.
  1316 | D:3      | Reached XP level 5. HP: 44/47 MP: 4/4
  1316 | D:3      | Noticed BingusPrime's ghost (amateur DrTm)
  2015 | D:3      | Reached skill level 5 in Axes
  2194 | D:3      | Found a runed translucent door.
  2834 | D:4      | Noticed Natasha
  3104 | D:4      | Reached XP level 6. HP: 51/53 MP: 6/6
  3738 | D:4      | Killed Natasha
  3739 | D:4      | Reached skill level 6 in Axes
  3789 | D:4      | Noticed Natasha
  3804 | D:4      | Killed from afar by a shadow imp

Illustrated notes

Levels and vault maps discovered:
D:1:      wander_arrival_chamber, layout_rooms, minmay_domino_2
D:2:      layout_basic, uniq_jessica
D:3:      layout_basic, nicolae_ecumenical_pavilion, ebering_ghost_sewer_f,
          serial_shops, nicolae_square_shop
D:4:      layout_basic, serial_bayou_pond_d, serial_park_tiny_2,
          patterned_corridor, uniq_natasha, uniq_crazy_yiuf_cottage

Skill      XL: |  1  2  3  4  5  6 |
---------------+-------------------+-----
Fighting       | 4 |  4.7
Axes           | 3 4 5 6 |  6.0
Armour         | 4 |  4.5
Shields        | 4 |  4.3
Invocations    | 1 |  1.6
Dodging        | |  0.2
Stealth        | |  0.1

Action                   |  1- 3 |  4- 6 || total
-------------------------+-------+-------++-------
Melee: War axe           |    37 |   129 ||   166
       Headbutt          |     4 |    24 ||    28
  Use: Potion            |       |     2 ||     2
Armor: Scale mail        |    16 |    55 ||    71
Dodge: Dodged            |    22 |    56 ||    78
Block: Buckler           |     5 |    31 ||    36
